Map: Automaton LE

Players

ShoWTimE - Winner!

  • Race: Protoss Protoss
  • League: Grandmaster
  • Spawn Location: 9:00

HateMe

  • Race: Zerg Zerg
  • Spawn Location: 3:00

Event: 2019 WCS Winter Europe

VOD

Have the link to the VOD?

Description

Time

  • Played on: Feb. 10, 2019, 9:24 a.m.
  • Length: 11:03

All games in this series

Show
View Real Time Build Order
Export as new Build Order

ShoWTimE Protoss - Winner!

Build Orders: 1 Gate Expand, Oracle Opening, Phoenix Opening, Archon Immortal, Mass Phoenix 

Get SALT Encoding   

  12  0:00  Probe  
  13  0:12  Probe  
  14  0:18  Pylon  
  14  0:24  Probe  
  15  0:33  Probe  
  15  0:38  Gateway  
  15  0:41  Probe  
  16  0:47  Assimilator  
  17  0:51  Probe  
  18  1:03  Probe  
  19  1:15  Probe  
  20  1:26  Nexus  
  20  1:37  Cybernetics Core  
  20  1:40  Probe  
  20  1:46  Assimilator  
  21  1:53  Probe  
  22  1:56  Pylon  
  22  2:04  Adept  
  22  2:05  Probe  
  25  2:17  Probe  
  25  2:20  Stargate  
  26  2:24  Adept  
  26  2:25  Warp Gate  
  26  2:29  Probe  
  27  2:35  Probe  
  29  2:41  Probe  
  29  2:43  Probe  
  32  2:53  Probe x2  
  32  2:57  Phoenix  
  34  3:05  Probe x2  
  38  3:12  Pylon  
  38  3:17  Probe x2  
  38  3:18  Oracle  
  43  3:29  Probe x2  
  43  3:30  Gateway  
  45  3:35  Assimilator  
  45  3:37  Assimilator  
  45  3:41  Probe x2  
  47  3:48  Stargate  
  47  3:50  Probe  
  47  3:54  Probe  
  49  3:55  Pylon  
  49  3:58  Probe  
  50  4:05  Phoenix  
  50  4:06  Probe  
  50  4:07  Probe  
  53  4:14  Sentry  
  53  4:15  Pylon  
  56  4:18  Probe  
  56  4:19  Probe  
  58  4:30  Phoenix x2  
  58  4:34  Adept  
  58  4:35  Pylon  
  58  4:38  Adept  
  66  4:41  Pylon  
  66  4:47  Phoenix  
  66  4:48  Phoenix  
  66  4:55  Pylon  
  70  5:00  Adept  
  72  5:12  Phoenix  
  72  5:13  Phoenix  
  76  5:22  Nexus  
  76  5:24  Probe x2  
  76  5:27  Shield Battery  
  78  5:37  Robotics Facility  
  78  5:42  Robotics Facility  
  78  5:44  Probe x2  
  80  5:50  Pylon  
  80  5:56  Probe x2  
  82  6:02  Sentry  
  82  6:03  Pylon  
  84  6:06  Shield Battery  
  84  6:08  Probe x2  
  86  6:13  Forge  
  86  6:16  Twilight Council  
  86  6:17  Immortal  
  86  6:20  Probe x2  
  86  6:25  Immortal  
  88  6:32  Probe x2  
  94  6:37  Protoss Ground Weapons Level 1  
  94  6:38  Probe  
  99  6:44  Probe x2  
  99  6:46  Immortal  
  101  6:50  Probe  
  101  6:52  Charge  
  102  6:56  Probe x2  
  108  7:02  Probe  
  108  7:05  Observer  
  108  7:08  Probe  
  108  7:09  Probe  
  108  7:12  Assimilator  
  110  7:16  Gateway  
  110  7:17  Assimilator  
  110  7:18  Gateway  
  110  7:20  Immortal, Probe  
  111  7:26  Templar Archives  
  111  7:27  Immortal, Pylon  
  119  7:41  Gateway  
  119  7:44  Gateway  
  119  7:47  Psionic Storm, Pylon  
  119  7:52  Pylon  
  119  7:56  Nexus  
  119  7:57  Photon Cannon  
  119  7:59  Adept, Pylon  
  119  8:04  Protoss Ground Weapons Level 2  
  125  8:05  Immortal  
  125  8:11  High Templar x2  
  129  8:17  Immortal  
  133  8:22  High Templar  
  133  8:25  Photon Cannon  
  133  8:27  Shield Battery  
  135  8:28  Shield Battery  
  135  8:32  High Templar  
  137  8:37  Probe x3  
  137  8:39  Assimilator  
  140  8:43  Zealot, Assimilator  
  142  8:49  High Templar, Probe x2  
  142  8:50  Zealot x2  
  142  8:52  Gateway  
  150  8:56  Pylon  
  150  8:58  Warp Prism x2  
  150  8:59  Gateway  
  154  9:14  High Templar x2  
  158  9:18  Archon  
  158  9:21  Gateway  
  158  9:22  Gateway  
  158  9:25  Gateway  
  158  9:26  Gateway  
  158  9:29  High Templar x2  
  162  9:33  Archon  
  162  9:39  Zealot x2  
  166  9:50  Zealot x3  
  172  9:53  Zealot, Pylon  
  172  9:56  Fleet Beacon  
  174  10:10  Pylon  
  174  10:20  Zealot x6  
  186  10:27  Zealot x4  
  188  10:35  Pylon  
  186  10:37  Pylon  
  180  10:44  Zealot x3  
  180  10:45  Zealot  
  180  10:46  Zealot x4  
  180  10:47  Zealot  
  159  10:53  Zealot  
  159  10:54  Zealot x2  
Show
View Real Time Build Order
Export as new Build Order

HateMe Zerg 

Build Orders: Hatch First 

Get SALT Encoding   

  12  0:00  Drone  
  13  0:13  Overlord  
  13  0:17  Drone  
  14  0:31  Drone x2  
  16  0:49  Hatchery  
  15  0:52  Drone  
  15  0:56  Drone  
  17  0:59  Drone  
  18  1:10  Extractor  
  17  1:15  Spawning Pool  
  17  1:18  Drone  
  17  1:21  Drone  
  18  1:29  Drone  
  19  1:40  Drone  
  20  1:50  Overlord  
  20  2:03  Queen x2  
  20  2:04  Zergling x4  
  26  2:11  Drone  
  26  2:12  Drone  
  26  2:15  Metabolic Boost  
  29  2:22  Drone  
  29  2:23  Drone  
  30  2:39  Hatchery  
  30  2:41  Drone  
  30  2:43  Drone  
  31  2:45  Drone  
  31  2:50  Overlord  
  32  2:57  Queen  
  34  3:03  Zergling x4  
  36  3:09  Overlord  
  36  3:11  Drone  
  36  3:12  Drone  
  38  3:13  Drone  
  38  3:16  Drone  
  38  3:18  Drone  
  41  3:20  Drone  
  41  3:22  Drone  
  41  3:24  Drone  
  44  3:34  Overlord  
  44  3:35  Queen  
  44  3:38  Drone x2  
  48  3:48  Overlord  
  48  3:49  Drone  
  48  3:53  Drone x4  
  53  3:55  Queen  
  55  4:03  Spore Crawler  
  55  4:05  Spore Crawler, Drone x2  
  55  4:09  Spore Crawler, Drone  
  55  4:16  Queen  
  57  4:21  Drone x4  
  61  4:25  Overlord  
  61  4:29  Drone x3  
  63  4:33  Roach Warren  
  63  4:37  Lair  
  62  4:40  Extractor x2  
  62  4:41  Drone  
  62  4:42  Drone  
  61  4:48  Overlord  
  61  4:50  Drone x3  
  61  4:51  Drone  
  65  4:55  Overlord  
  65  4:56  Overlord  
  64  5:07  Overlord  
  64  5:08  Overlord  
  64  5:09  Overlord  
  66  5:14  Roach x5  
  66  5:17  Roach  
  66  5:19  Roach  
  78  5:25  Roach x3  
  78  5:27  Roach  
  86  5:29  Roach  
  86  5:30  Roach  
  94  5:36  Glial Reconstitution  
  90  5:46  Drone  
  90  5:47  Drone x6  
  90  5:57  Drone x10  
  100  6:06  Queen x2  
  100  6:11  Spore Crawler  
  103  6:13  Drone x3  
  103  6:16  Overseer  
  106  6:28  Queen  
  106  6:31  Spore Crawler  
  106  6:35  Drone x5  
  106  6:36  Drone x5  
  115  6:40  Extractor  
  115  6:41  Extractor x2  
  112  6:50  Drone x4  
  114  7:03  Hatchery  
  110  7:11  Evolution Chamber  
  110  7:12  Evolution Chamber, Hydralisk Den  
  106  7:19  Drone x11  
  117  7:27  Overlord x2  
  117  7:34  Baneling Nest  
  117  7:37  Infestation Pit  
  115  7:39  Zerg Melee Weapons Level 1, Zerg Ground Armor Level 1  
  115  7:50  Grooved Spines  
  115  7:51  Overlord  
  114  7:52  Zergling x2  
  114  7:55  Overlord x2  
  115  8:00  Overlord x2  
  114  8:06  Drone x11  
  125  8:13  Hive  
  125  8:15  Spire  
  125  8:19  Centrifical Hooks  
  124  8:21  Drone x4  
  128  8:30  Overlord  
  128  8:33  Hydralisk x8, Drone x2  
  145  8:35  Extractor  
  145  8:37  Extractor  
  145  8:40  Hydralisk x2  
  147  8:42  Hydralisk x2  
  151  8:49  Overlord  
  151  8:52  Overlord  
  151  8:56  Zergling x8  
  151  9:01  Muscular Augments  
  155  9:02  Hatchery  
  155  9:04  Zergling x16  
  163  9:17  Zergling x14  
  163  9:23  Zergling x8  
  173  9:28  Adrenal Glands  
  173  9:29  Greater Spire  
  173  9:31  Zergling x2  
  173  9:32  Zergling x10  
  179  9:40  Zergling x12  
  184  9:46  Baneling x12  
  184  9:47  Baneling  
  184  9:52  Zergling x10  
  189  9:54  Baneling x6  
  189  9:55  Baneling x2  
  189  9:58  Baneling x6  
  189  9:59  Baneling  
  188  10:05  Zergling x14  
  188  10:07  Baneling x4  
  195  10:12  Zergling x8  
  199  10:14  Baneling x7  
  199  10:15  Baneling  
  184  10:30  Zergling x18  
  184  10:31  Zergling x2  
Tags
 
Add a new tag
Caveats
  • Supply blocks, unpowered buildings, or Contaminate may cause inaccurate times.
  • Supply counts are checked every 10 seconds.